 Dungeon Crawl Stone Soup version 0.30-a0-939-gc8157cb160 (webtiles) character file.

Game seed: 12672178737564590263

51 CrazyBamboolord the Insei (level 3, -1/27 HPs)
             Began as a Merfolk Transmuter on Mar 25, 2023.
             Slain by a ball python (3 damage)
             ... on level 2 of the Dungeon.
             The game lasted 00:01:31 (1269 turns).

CrazyBamboolord the Insei (Merfolk Transmuter)      Turns: 1269, Time: 00:01:32

Health: -1/27      AC:  2    Str:  9 (10) XL:     3   Next: 83%
Magic:  5/6        EV:  9    Int: 11 (14) God:
Gold:   107        SH:  0    Dex: 11 (14) Spells: 0/6 levels left

rFire   . . .      SeeInvis .      - Unarmed
rCold   . . .      Faith    .    (no shield)
rNeg    . . .      Spirit   .    a - +0 robe
rPois   .          Reflect  .    (helmet currently unavailable)
rElec   .          Rampage  .    (no cloak)
rCorr   .                        (no gloves)
Will    .....                    (boots currently unavailable)
Stlth   +                        (no amulet)
HPRegen 0.24/turn                (no ring)
MPRegen 0.10/turn                (no ring)

@: appendages, constricted
A: horns 2, (nimble swimmer 2), mertail
a: End Transformation


You were on level 2 of the Dungeon.
You had temporarily grown beastly horns.
You visited 1 branch of the dungeon, and saw 2 of its levels.

You collected 107 gold pieces.

Inventory:

Armour
 a - a +0 robe (worn)
Scrolls
 e - a scroll of blinking {unknown}
 i - a scroll of poison
Potions
 b - 2 potions of lignification
 c - a potion of mutation
 d - 2 potions of brilliance
 g - a potion of flight {unknown}
 h - 2 potions of invisibility


   Skills:
 * Level 1.6 Fighting
 * Level 3.1 Dodging
 * Level 4.1 Unarmed Combat
 * Level 2.4 Spellcasting
 * Level 3.2 Transmutations


You couldn't memorise any spells.
You knew the following spells:

 Your Spells              Type           Power      Damage    Failure   Level
a - Beastly Appendage     Tmut           16%        N/A       8%          1
b - Wereblood             Tmut           8%         N/A       12%         2
c - Spider Form           Tmut/Pois      4%         N/A       38%         3

Your spell library contained the following spells:

 Spells                   Type           Power      Damage    Failure   Level
 Summon Small Mammal      Summ           4%         N/A       28%         1
 Call Canine Familiar     Summ           1%         N/A       63%         3
 Summon Guardian Golem    Hex/Summ       1%         N/A       63%         3
 Ice Form                 Ice/Tmut       4%         N/A       82%         4


Dungeon Overview and Level Annotations

Branches:
Dungeon (2/15)

Altars:


Innate Abilities, Weirdness & Mutations

You have temporarily grown beastly horns.
((You are very nimble when in or above water. (Stealth+, EV+, Speed+++)))
Your lower body shifts to a powerful aquatic tail in water.


Message History

Casting: Beastly Appendage (safe; 6% risk of failure)
Press: ? - help, Q - select action, (/) - cycle Dir - look around, f - activate You grow a pair of large bovine horns.
The ball python barely misses you. The ball python grabs you.
The ball python constricts you.
* * * LOW HITPOINT WARNING * * *
The ball python bites you but does no damage.
You punch the ball python!
You kill the ball python!
The ball python completely misses you.
The ball python bites you but does no damage.
The ball python constricts you. The ball python closely misses you.
You closely miss the ball python.
The ball python is moderately wounded.
The ball python bites you.
* * * LOW HITPOINT WARNING * * *
The ball python constricts you.
* * * LOW HITPOINT WARNING * * *
The ball python barely misses you.
You closely miss the ball python.
The ball python is moderately wounded.
The ball python bites you.
* * * LOW HITPOINT WARNING * * *
The ball python constricts you.
The ball python bites you but does no damage.
Unknown command.
You barely miss the ball python. Your headbutt misses the ball python.
The ball python bites you.
* * * LOW HITPOINT WARNING * * *
The ball python constricts you. The ball python barely misses you.
You hit the ball python.
The ball python is moderately wounded.
The ball python closely misses you. The ball python constricts you.
The ball python completely misses you.
It was a potion of degeneration.
There was something very wrong with that liquid.
You feel weakened.
You feel dopey.
You feel clumsy. The ball python barely misses you.
The ball python constricts you. The ball python bites you.
You die...

#.# #.# ##.#
#.# #..#####
#.# ##.#....#
#.####
##.#######
#.....
####.## ##.#
######
##....# ...P#
#.....#...#.#
#....@S.....#
+....S##....#
### ##....#
#.###########
... ......# #
#........ #..
########
######### #
#### # ....


You could see 2 ball pythons.

Vanquished Creatures
  2 adders (D:2)
  A worm (D:2)
  2 bats
  3 endoplasms (D:1)
  A giant cockroach (D:2)
  6 goblins
  4 jackals (D:1)
  2 kobolds (D:1)
  4 ball pythons
  2 frilled lizards
  3 rats (D:1)
30 creatures vanquished.

Vanquished Creatures (others)
  2 plants (D:2)
2 creatures vanquished.

Grand Total: 32 creatures vanquished

Notes
Turn   | Place    | Note
-------+----------+-------------------------------------------
     0 | D:1      | CrazyBamboolord the Merfolk Transmuter began the quest for
                  | the Orb.
     0 | D:1      | Reached XP level 1. HP: 15/15 MP: 3/3
    80 | D:1      | Noticed an eye of devastation
    81 | D:1      | Noticed an eye of devastation
    83 | D:1      | Found a faded altar of an unknown god.
    85 | D:1      | Noticed a golden eye
    95 | D:1      | Noticed an eye of devastation
   215 | D:1      | Reached XP level 2. HP: 15/21 MP: 1/5
   915 | D:2      | Reached XP level 3. HP: 15/26 MP: 6/6
   918 | D:2      | Learned a level 2 spell: Wereblood
   922 | D:2      | Learned a level 3 spell: Spider Form
  1073 | D:2      | Reached skill level 4 in Unarmed Combat
  1267 | D:2      | HP: 1/27 [ball python (2)]
  1269 | D:2      | Slain by a ball python

Illustrated notes

Levels and vault maps discovered:
D:1:      psy_arrival_whirlpool, layout_loops_ring,
          hellmonk_ecumenical_altar_watching_god
D:2:      minmay_door_path, layout_basic, basic_altar, serial_bayou_lagoon_a,
          minmay_shallow_snake_nest, uniq_robin

Skill      XL: |  1  2  3 |
---------------+----------+-----
Transmutations | 3 |  3.2
Dodging        | 3 |  3.1
Unarmed Combat | 4 |  4.1
Fighting       | |  1.6
Spellcasting   | |  2.4

Action                     || total
---------------------------++-------
  Melee: Unarmed           ||   120
         Headbutt          ||    12
         Punch             ||     3
   Cast: Beastly Appendage ||    20
    Use: Scroll            ||     4
         Potion            ||     1
   Stab: Sleeping          ||     1
 Armour: Robe              ||    33
  Dodge: Dodged            ||    94

Table legend: (Time is in decaauts)
 A = Elapsed time spent in this place.
 B = Non-inter-level travel time spent in this place.
 C = Inter-level travel time spent in this place.
 D = Time resting spent in this place.
 E = Time spent auto-exploring this place.
 F = Levels seen in this place.
 G = Mean time per level.
                   A        B        C        D        E       F      G
               +--------+--------+--------+--------+--------+-----+--------+
         Total |   1260 |   1246 |     14 |      0 |   1015 |   2 |  630.0 |
       Dungeon |   1260 |   1246 |     14 |      0 |   1015 |   2 |  630.0 |
               +--------+--------+--------+--------+--------+-----+--------+

Top non-repeatable levels by time:
     D:1: 861 daAuts
     D:2: 398 daAuts
